SKY
MILWAUKEE BREWERS @ CHICAGO CUBS
07/08/2052
 
TOP OF THE 1ST
Milwaukee Brewers batting - Pitching for Chicago Cubs : RHP Johnny Armour
Pitching: RHP Johnny Armour
Batting: LHB Yandy Zamano 0-0: Ball
1-0: Ball
2-0: Foul Ball, location: 2F
2-1: Ball
3-1: Called Strike
3-2: DOUBLE (Line Drive, 78D, EV 110.6 MPH)
Batting: RHB Clemente Simpson 0-0: Called Strike
0-1: Hit by Pitch
Batting: LHB Joshua Ragsdale 0-0: Foul Ball, location: 3F
0-1: Fly out, F5 (Popup, 5SF, EV 73.1 MPH)
Batting: RHB Nick Hodge 0-0: Ball
1-0: Foul Ball, location: 2F
1-1: Grounds into double play, 6-4-3 (Groundball, 6, EV 88.1 MPH)
Top of the 1st over - 0 runs, 1 hit, 0 errors, 1 left on base; Milwaukee 0 - Chicago 0
BOTTOM OF THE 1ST
Chicago Cubs batting - Pitching for Milwaukee Brewers : LHP Gerardo Hernández
Pitching: LHP Gerardo Hernández
Batting: RHB Derek McCone 0-0: Called Strike
0-1: Ball
1-1: Ground out 4-3 (Groundball, 4, EV 88.1 MPH)
Batting: RHB John McGalliard 0-0: Foul Ball, location: 9LMF
0-1: Foul Ball, location: 2F
0-2: Ball
1-2: Foul Ball, location: 9LSF
1-2: Strikes out swinging
Batting: LHB Abdul Williams 0-0: Swinging Strike
0-1: Ball
1-1: Foul Ball, location: 2F
1-2: Foul Ball, location: 3F
1-2: Ball
2-2: Foul Ball, location: 7LDF
2-2: Ball
3-2: Strikes out looking
Bottom of the 1st over - 0 runs, 0 hits, 0 errors, 0 left on base; Milwaukee 0 - Chicago 0
TOP OF THE 2ND
Milwaukee Brewers batting - Pitching for Chicago Cubs : RHP Johnny Armour
Batting: LHB Florencio Rios 0-0: Ball
1-0: Foul Ball, location: 2F
1-1: Fly out, F8 (Flyball, 8LD, EV 106.3 MPH)
Batting: RHB Enzo Thomas 0-0: Swinging Strike
0-1: Swinging Strike
0-2: Ball
1-2: Ball
2-2: Strikes out swinging
Batting: SHB Rayan Díaz 0-0: Ball
1-0: Fly out, F8 (Flyball, 8LM, EV 91.3 MPH)
Top of the 2nd over - 0 runs, 0 hits, 0 errors, 0 left on base; Milwaukee 0 - Chicago 0
BOTTOM OF THE 2ND
Chicago Cubs batting - Pitching for Milwaukee Brewers : LHP Gerardo Hernández
Batting: RHB Pokey Baker 0-0: Called Strike
0-1: Ball
1-1: Ball
2-1: Ball
3-1: Called Strike
3-2: Ground out 6-3 (Groundball, 6S, EV 88.1 MPH)
Batting: RHB Andy Washington 0-0: Called Strike
0-1: Ground out 4-3 (Groundball, 4, EV 103.8 MPH)
Batting: RHB Meredith Moore 0-0: Ball
1-0: Called Strike
1-1: Fly out, F8 (Flyball, 8RD, EV 107.5 MPH)
Bottom of the 2nd over - 0 runs, 0 hits, 0 errors, 0 left on base; Milwaukee 0 - Chicago 0
TOP OF THE 3RD
Milwaukee Brewers batting - Pitching for Chicago Cubs : RHP Johnny Armour
Batting: RHB Lucas Asher 0-0: Fly out, F9 (Flyball, 89M, EV 87.5 MPH)
Batting: RHB Russ Lavin 0-0: Ball
1-0: Called Strike
1-1: Foul Ball, location: 5F
1-2: Ball
2-2: Foul Ball, location: 2F
2-2: Ground out 6-3 (Groundball, 6, EV 91.3 MPH)
Batting: LHB Yandy Zamano 0-0: Ball
1-0: Foul Ball, location: 5FF
1-1: Ground out 2-3 (Groundball, 15S, EV 62.5 MPH)
Top of the 3rd over - 0 runs, 0 hits, 0 errors, 0 left on base; Milwaukee 0 - Chicago 0
BOTTOM OF THE 3RD
Chicago Cubs batting - Pitching for Milwaukee Brewers : LHP Gerardo Hernández
Batting: RHB Abel Stewart 0-0: Ball
1-0: Ball
2-0: Ball
3-0: Called Strike
3-1: Called Strike
3-2: Foul Ball, location: 2F
3-2: Foul Ball, location: 9LSF
3-2: Strikes out swinging
Batting: RHB Bobby King 0-0: Called Strike
0-1: Called Strike
0-2: Foul Ball, location: 5F
0-2: Foul Ball, location: 3FF
0-2: Ball
1-2: Fly out, F9 (Flyball, 89S, EV 88.1 MPH)
Batting: RHB Lincoln Richards 0-0: Ball
1-0: Ground out 3-1 (Groundball, 34S, EV 82.5 MPH)
Bottom of the 3rd over - 0 runs, 0 hits, 0 errors, 0 left on base; Milwaukee 0 - Chicago 0
TOP OF THE 4TH
Milwaukee Brewers batting - Pitching for Chicago Cubs : RHP Johnny Armour
Batting: RHB Clemente Simpson 0-0: Called Strike
0-1: Ball
1-1: Foul Ball, location: 5FF
1-2: Strikes out swinging
Batting: LHB Joshua Ragsdale 0-0: SOLO HOME RUN (Flyball, 89XD, EV 100.0 MPH), Distance : 405 ft
Batting: RHB Nick Hodge 0-0: Called Strike
0-1: Foul Ball, location: 23F
0-2: SINGLE (Line Drive, 89S, EV 91.9 MPH)
Batting: LHB Florencio Rios 0-0: Ball
1-0: Ball
2-0: Called Strike
2-1: Grounds out, U3 (Groundball, 3L, EV 106.9 MPH)
Batting: RHB Enzo Thomas 0-0: Foul Ball, location: 2F
0-1: Ball
1-1: Ball
2-1: Fly out, F8 (Flyball, 8RXD, EV 99.4 MPH)
Top of the 4th over - 1 run, 2 hits, 0 errors, 1 left on base; Milwaukee 1 - Chicago 0
BOTTOM OF THE 4TH
Chicago Cubs batting - Pitching for Milwaukee Brewers : LHP Gerardo Hernández
Batting: RHB Derek McCone 0-0: Ball
1-0: Ball
2-0: Foul Ball, location: 9LDF
2-1: Swinging Strike
2-2: Foul Ball, location: 2LF
2-2: Foul Ball, location: 2F
2-2: Strikes out looking
Batting: RHB John McGalliard 0-0: Ground out 6-3 (Groundball, 6, EV 108.8 MPH)
Batting: LHB Abdul Williams 0-0: Ball
1-0: Fly out, F8 (Flyball, 8LM, EV 76.3 MPH)
Bottom of the 4th over - 0 runs, 0 hits, 0 errors, 0 left on base; Milwaukee 1 - Chicago 0
TOP OF THE 5TH
Milwaukee Brewers batting - Pitching for Chicago Cubs : RHP Johnny Armour
Batting: SHB Rayan Díaz 0-0: DOUBLE (Line Drive, 7LD, EV 102.5 MPH)
Batting: RHB Lucas Asher 0-0: Ball
1-0: Ball
2-0: Ball
3-0: Fly out, F9 (Line Drive, 89M, EV 108.1 MPH)
Batting: RHB Russ Lavin 0-0: Fly out, F3 (Popup, 3SF, EV 75.6 MPH)
Batting: LHB Yandy Zamano 0-0: Called Strike
0-1: Foul Ball, location: 9LSFF
0-2: Foul Ball, location: 7LSF
0-2: Ball
1-2: Foul Ball, location: 25F
1-2: Strikes out swinging
Top of the 5th over - 0 runs, 1 hit, 0 errors, 1 left on base; Milwaukee 1 - Chicago 0
BOTTOM OF THE 5TH
Chicago Cubs batting - Pitching for Milwaukee Brewers : LHP Gerardo Hernández
Batting: RHB Pokey Baker 0-0: Ball
1-0: Called Strike
1-1: Ball
2-1: Called Strike
2-2: Ball
3-2: Ground out 5-3 (Groundball, 56, EV 105.0 MPH)
Batting: RHB Andy Washington 0-0: Fly out, F7 (Flyball, 78D, EV 97.5 MPH)
Batting: RHB Meredith Moore 0-0: Called Strike
0-1: Called Strike
0-2: Ball
1-2: SINGLE (Groundball, 4MD, EV 100.0 MPH)
Batting: RHB Abel Stewart 0-0: Ball
1-0: Ball
2-0: Foul Ball, location: 2F
2-1: Ball
3-1: Swinging Strike
3-2: Base on Balls
Meredith Moore to second
Batting: RHB Bobby King 0-0: Ball
1-0: Called Strike
1-1: Ball
2-1: Ball
3-1: Base on Balls
Meredith Moore to third
Abel Stewart to second
Batting: RHB Lincoln Richards 0-0: Ground out 3-1 (Groundball, 13, EV 85.6 MPH)
Bottom of the 5th over - 0 runs, 1 hit, 0 errors, 3 left on base; Milwaukee 1 - Chicago 0
TOP OF THE 6TH
Milwaukee Brewers batting - Pitching for Chicago Cubs : RHP Johnny Armour
Batting: RHB Clemente Simpson 0-0: Ball
1-0: Ground out U3 (Groundball, 34, EV 105.6 MPH)
Batting: LHB Joshua Ragsdale 0-0: Ball
1-0: DOUBLE (Flyball, 89D, EV 106.9 MPH)
Batting: RHB Nick Hodge 0-0: Intentional Walk
Batting: LHB Florencio Rios 0-0: Called Strike
0-1: Ball
1-1: Foul Ball, location: 7LDF
1-2: Ball
2-2: Strikes out looking
Batting: RHB Enzo Thomas 0-0: Ball
1-0: Swinging Strike
1-1: Swinging Strike
1-2: Strikes out looking
Top of the 6th over - 0 runs, 1 hit, 0 errors, 2 left on base; Milwaukee 1 - Chicago 0
BOTTOM OF THE 6TH
Chicago Cubs batting - Pitching for Milwaukee Brewers : LHP Gerardo Hernández
Batting: RHB Derek McCone 0-0: Ball
1-0: Called Strike
1-1: Foul Ball, location: 5FF
1-2: Ball
2-2: Strikes out swinging
Batting: RHB John McGalliard 0-0: Ball
1-0: Ball
2-0: Foul Ball, location: 2F
2-1: Called Strike
2-2: Ball
3-2: Base on Balls
Batting: LHB Abdul Williams 0-0: Called Strike
0-1: Ball
1-1: Foul Ball, location: 2F
1-2: Foul Ball, location: 2F
1-2: Foul Ball, location: 7LDF
1-2: Fly out, F6 (Popup, 6MS, EV 73.8 MPH)
Batting: RHB Pokey Baker 0-0: Ball
1-0: Called Strike
1-1: Fly out, F6 (Line Drive, 6, EV 69.4 MPH)
Bottom of the 6th over - 0 runs, 0 hits, 0 errors, 1 left on base; Milwaukee 1 - Chicago 0
TOP OF THE 7TH
Milwaukee Brewers batting - Pitching for Chicago Cubs : RHP Johnny Armour
Batting: SHB Rayan Díaz 0-0: Ball
1-0: Fly out, F6 (Popup, 6M, EV 77.5 MPH)
Batting: RHB Lucas Asher 0-0: Called Strike
0-1: Called Strike
0-2: Ball
1-2: Ball
2-2: SINGLE (Groundball, 6MS, EV 64.4 MPH) (infield hit)
Batting: RHB Russ Lavin 0-0: Ball
1-0: Called Strike
1-1: Called Strike
1-2: Foul Ball, location: 5F
1-2: Strikes out swinging
Batting: LHB Yandy Zamano 0-0: Swinging Strike
Lucas Asher steals 2nd base
0-1: Ball
1-1: Foul Ball, location: 23FF
1-2: Ball
Wild Pitch!
Lucas Asher to third
2-2: Foul Ball, location: 2F
2-2: Strikes out swinging
Top of the 7th over - 0 runs, 1 hit, 0 errors, 1 left on base; Milwaukee 1 - Chicago 0
BOTTOM OF THE 7TH
Chicago Cubs batting - Pitching for Milwaukee Brewers : LHP Gerardo Hernández
Batting: RHB Andy Washington 0-0: Called Strike
0-1: Called Strike
0-2: Strikes out swinging, 2-3 out at first.
Batting: RHB Meredith Moore 0-0: Foul Ball, location: 9LMF
0-1: Ball
1-1: Called Strike
1-2: Strikes out swinging
Batting: RHB Abel Stewart 0-0: Ball
1-0: Ball
2-0: Ball
3-0: Called Strike
3-1: Foul Ball, location: 7LMFF
3-2: Base on Balls
Batting: RHB Bobby King 0-0: Called Strike
0-1: Ball
1-1: Ball
2-1: Fly out, F8 (Flyball, 89M, EV 87.5 MPH)
Bottom of the 7th over - 0 runs, 0 hits, 0 errors, 1 left on base; Milwaukee 1 - Chicago 0
TOP OF THE 8TH
Milwaukee Brewers batting - Pitching for Chicago Cubs : RHP Johnny Armour
Batting: RHB Clemente Simpson 0-0: Fly out, F7 (Flyball, 7S, EV 98.1 MPH)
Batting: LHB Joshua Ragsdale 0-0: Called Strike
0-1: Ball
1-1: Ball
2-1: Ground out 4-3 (Groundball, 4, EV 85.6 MPH)
Batting: RHB Nick Hodge 0-0: Ball
1-0: Called Strike
1-1: Foul Ball, location: 23FF
1-2: Ball
2-2: Strikes out looking
Top of the 8th over - 0 runs, 0 hits, 0 errors, 0 left on base; Milwaukee 1 - Chicago 0
BOTTOM OF THE 8TH
Chicago Cubs batting - Pitching for Milwaukee Brewers : LHP Gerardo Hernández
Pitching: RHP Jaden McBride
Batting: RHB Lincoln Richards 0-0: Ball
1-0: Ball
2-0: Ball
3-0: Base on Balls
Batting: RHB Derek McCone 0-0: Bunted foul
0-1: Bunted foul
0-2: Fly out, F8 (Flyball, 78S, EV 80.6 MPH)
Batting: RHB John McGalliard 0-0: Called Strike
0-1: Ball
1-1: Ball
2-1: Sac Bunt to 15S - play at first, batter OUT! 1-3
Lincoln Richards to second
Batting: LHB Abdul Williams 0-0: Foul Ball, location: 7LMF
0-1: Foul Ball, location: 23FF
0-2: Strikes out swinging
Bottom of the 8th over - 0 runs, 0 hits, 0 errors, 1 left on base; Milwaukee 1 - Chicago 0
TOP OF THE 9TH
Milwaukee Brewers batting - Pitching for Chicago Cubs : RHP Johnny Armour
Pitching: RHP Brayan Juratovac
Batting: LHB Florencio Rios 0-0: Fly out, F8 (Flyball, 8LXD, EV 96.9 MPH)
Batting: RHB Enzo Thomas 0-0: Called Strike
0-1: Foul Ball, location: 9LDF
0-2: Ball
1-2: Strikes out swinging
Batting: SHB Rayan Díaz 0-0: Called Strike
0-1: Foul Ball, location: 5FF
0-2: Foul Ball, location: 2F
0-2: Strikes out swinging
Top of the 9th over - 0 runs, 0 hits, 0 errors, 0 left on base; Milwaukee 1 - Chicago 0
BOTTOM OF THE 9TH
Chicago Cubs batting - Pitching for Milwaukee Brewers : RHP Jaden McBride
Pitching: RHP Lukas Vander Wilt
Pinch Hitting: LHB Ben Waters 0-0: Ball
1-0: Ball
2-0: Foul Ball, location: 2F
2-1: Foul Ball, location: 7LSF
2-2: Ball
3-2: Fly out, F9 (Flyball, 89M, EV 83.8 MPH)
Pinch Hitting: LHB José Armijo 0-0: Ball
1-0: Ball
2-0: Ball
3-0: Base on Balls
Batting: RHB Meredith Moore 0-0: Ball
1-0: SINGLE (Line Drive, 89M, EV 110.6 MPH)
José Armijo to second
Batting: RHB Abel Stewart 0-0: Ball
1-0: Foul Ball, location: 2F
1-1: Foul Ball, location: 2F
1-2: Foul Ball, location: 9LMF
1-2: Ball
2-2: Ball
3-2: Foul Ball, location: 5F
3-2: Foul Ball, location: 3F
3-2: Base on Balls
José Armijo to third
Meredith Moore to second
Batting: RHB Bobby King 0-0: Ball
1-0: Called Strike
1-1: Fly out, F7 (Flyball, 7LM, EV 94.4 MPH)
Runner from 3rd tags up, OUT at HOME! 7-2
Bottom of the 9th over - 0 runs, 1 hit, 0 errors, 2 left on base; Milwaukee 1 - Chicago 0
Sunday, April 28th , 2024 - OOTP Baseball 24.11 Build 85